[Event "Titled Tuesday Blitz February 07 Late 2023"]
[White "Urbina Perez, Juan Antonio"]
[Black "Bacrot, Etienne"]
[WhiteFideId "2217368"]
[BlackFideId "605506"]
[WhiteElo "2266"]
[BlackElo "2667"]
[Result "0-1"]
[Round "01"]
[TimeControl "180+2"]
[Date "2023.02.07"]
[WhiteClock "0:00:14"]
[BlackClock "0:00:07"]

1. e4 c5 2. Nf3 d6 3. Bb5+ Nd7 4. c4 e5 5. Nc3 Ne7 6. d3 Ng6 7. Ba4 Be7 8. Be3 O-O 9. h4 f5 10. h5 Nh8 11. exf5 Rxf5 12. Qd2 Nf8 13. O-O-O Ne6 14. Nd5 Nc7 15. Nxe7+ Qxe7 16. Bc2 Rf8 17. Ng5 h6 18. Ne4 Bf5 19. g4 Bxe4 20. dxe4 Nf7 21. Rdg1 Ne6 22. Rd1 Rad8 23. Rhg1 Nfg5 24. Rg3 Nd4 25. Kb1 Rf7 26. b4 Rdf8 27. Ka1 Kh8 28. Bb1 b6 29. Rf1 Ngf3 30. Qd3 Qh4 31. b5 Ng5 32. Rd1 Qh2 33. Rdg1 Rxf2 34. Bxf2 Rxf2 35. Rc1 Nge6 36. Rgg1 Nf4 37. Qg3 Qxg3 38. Rxg3 Nfe2 39. Rgg1 Nxc1 40. Rxc1 g5 41. Rd1 Kg7 42. Bd3 Rf4 43. Rg1 Nf3 44. Rg2 Ne1 45. Rg3 Nf3 46. Bb1 Kf6 47. Rg2 Ke7 48. a4 Nd4 49. a5 Nb3+ 50. Kb2 Nxa5 51. Ka3 Rf3+ 52. Ka4 Rc3 53. Rd2 Rxc4+ 54. Ka3 Rd4 55. Rf2 Nc4+ 56. Ka2 Rd2+ 57. Bc2 Rxf2 58. Kb3 Rxc2 59. Ka4 Ne3 60. Kb3 Nxg4 61. Ka4 Nf6 62. Kb3 g4 63. Kxc2 g3 64. Kd3 g2 65. Ke2 g1=Q 66. Kd3 Qg3+ 67. Kc2 Qg2+ 68. Kb3 Qf3+ 69. Kc4 Qxe4+ 70. Kb3 Qd3+ 71. Ka4 a6 72. bxa6 Qc3 73. a7 Qb4# 0-1


[Site "https://www.chess.com"]

[Event "Titled Tuesday Blitz February 07 Late 2023"]
[White "Yuan, Qingyu"]
[Black "reevecanada"]
[WhiteFideId "8609772"]
[WhiteElo "2373"]
[BlackElo "2474"]
[Result "1/2-1/2"]
[Round "01"]
[TimeControl "180+2"]
[Date "2023.02.07"]
[WhiteClock "0:00:05"]
[BlackClock "0:00:46"]

1. e4 c5 2. Nf3 d6 3. Bb5+ Bd7 4. Bxd7+ Nxd7 5. O-O Ngf6 6. Qe2 g6 7. c3 Bg7 8. d4 O-O 9. Rd1 cxd4 10. cxd4 Rc8 11. Nc3 e6 12. Bf4 Nb6 13. Nb5 d5 14. e5 Ne4 15. Nxa7 Ra8 16. Nb5 Qd7 17. Nd6 Nxd6 18. exd6 Rfc8 19. b3 f6 20. Rac1 Bf8 21. Rc7 Rxc7 22. dxc7 Bd6 23. Bxd6 Qxd6 24. Rc1 Rc8 25. h4 Kf7 26. Qb5 Rxc7 27. Rc5 Nd7 28. Rxc7 Qxc7 29. g3 h6 30. Kg2 Qc6 31. Qa5 e5 32. dxe5 fxe5 33. Qd8 e4 34. Nd4 Qd6 35. Qh8 Qf8 36. Qh7+ Qg7 37. Qxg7+ Kxg7 38. Kf1 Kf6 39. Ke2 Ke5 40. Ke3 Nf6 41. f3 exf3 42. Nxf3+ Kf5 43. Nh2 Ke5 44. Nf3+ Kf5 45. Nh2 Ke5 46. a4 Ne4 47. Ng4+ Kd6 48. Nxh6 Nxg3 49. b4 Ke5 50. a5 d4+ 51. Kd3 Kd5 52. Ng4 Nh5 53. b5 Nf4+ 54. Kd2 Kc5 55. a6 bxa6 56. bxa6 Kb6 57. Ne5 Kxa6 58. Nf3 d3 59. Ke3 Ng2+ 60. Kxd3 Kb5 61. Ke4 Kc5 62. Ke5 Kc4 63. Kf6 Kd3 64. Kxg6 Nxh4+ 1/2-1/2


[Site "https://www.chess.com"]

[Event "Titled Tuesday Blitz February 07 Late 2023"]
[White "Estrada Nieto, Julian"]
[Black "Remizov, Yaroslav"]
[WhiteFideId "5101018"]
[BlackFideId "34134015"]
[WhiteElo "2215"]
[BlackElo "2421"]
[Result "1-0"]
[Round "01"]
[TimeControl "180+2"]
[Date "2023.02.07"]
[WhiteClock "0:00:16"]
[BlackClock "0:00:08"]

1. e4 c6 2. d4 d5 3. Nc3 dxe4 4. Nxe4 Nf6 5. Nxf6+ exf6 6. c3 Bd6 7. Bd3 O-O 8. Qc2 Re8+ 9. Ne2 h5 10. h3 Nd7 11. O-O Nf8 12. Bd2 Be6 13. Rae1 a5 14. Nf4 Bxf4 15. Bxf4 b5 16. Be2 Ng6 17. Bc1 h4 18. Bd3 Ne7 19. Re4 Nf5 20. Rfe1 g6 21. Qd2 Qd7 22. Qf4 Bxa2 23. Rxe8+ Rxe8 24. Rxe8+ Qxe8 25. Bxf5 gxf5 26. Be3 Qe4 27. Qh6 Bd5 28. f3 Qe6 29. Kh2 b4 30. cxb4 axb4 31. Bd2 Bxf3 32. Bxb4 Qe8 33. Qxf6 Qb8+ 34. Bd6 Qxb2 35. Qg5+ Kh7 36. Qxf5+ Kg8 37. Qxf3 Qxd4 38. Qf4 Qd5 39. Be7 f5 40. Bxh4 Kf7 41. Bg3 c5 42. Qd6 Qc4 43. Be5 Qe4 44. Qxc5 Kg6 45. Qd6+ Kh5 46. Qf6 f4 47. Qxf4 Qd5 48. g4+ Kg6 49. Qf5+ Kh6 50. Bg7+ Kxg7 51. Qxd5 Kg6 52. Kg3 Kh6 53. h4 Kg6 54. Qg5+ Kf7 55. h5 1-0


[Site "https://www.chess.com"]

[Event "Titled Tuesday Blitz February 07 Late 2023"]
[White "Rustemov, Alexander"]
[Black "Flynn, Jacob"]
[WhiteFideId "4119002"]
[BlackFideId "2509393"]
[WhiteElo "2525"]
[BlackElo "2102"]
[Result "1-0"]
[Round "01"]
[TimeControl "180+2"]
[Date "2023.02.07"]
[WhiteClock "0:01:02"]
[BlackClock "0:00:10"]

1. d4 Nf6 2. c4 e6 3. Nf3 d5 4. Nc3 c6 5. e3 Nbd7 6. Qc2 Bd6 7. b3 O-O 8. Be2 b6 9. O-O Bb7 10. Bb2 Qe7 11. Rad1 Rad8 12. Rfe1 Rfe8 13. g3 c5 14. cxd5 Nxd5 15. Nxd5 exd5 16. dxc5 bxc5 17. Bf1 Nf6 18. Bg2 Rc8 19. Nh4 g6 20. Bxf6 Qxf6 21. Bxd5 Ba6 22. Bc4 Bb7 23. e4 Be5 24. Kg2 Bd4 25. Nf3 Kg7 26. Nxd4 cxd4 27. f3 Ba6 28. Qd3 Bxc4 29. bxc4 Red8 30. Rc1 Qa6 31. Rc2 h5 32. h4 Rc5 33. e5 Qe6 34. f4 Rdc8 35. Rec1 Qc6+ 36. Kf2 Rd8 37. Rd1 a5 38. Qf3 Qa4 39. Qb3 Qc6 40. Rdd2 Qh1 41. Qf3 Qa1 42. Rd1 d3 43. Rxa1 dxc2 44. Qc3 Rd1 45. Ke2 Rxa1 46. Qxa1 Rxc4 47. Qc1 g5 48. Kd3 Rc8 49. f5 gxh4 50. gxh4 Rd8+ 51. Kxc2 Rc8+ 52. Kd2 Rxc1 53. Kxc1 Kf8 54. Kd2 Ke7 55. Ke3 1-0


[Site "https://www.chess.com"]

[Event "Titled Tuesday Blitz February 07 Late 2023"]
[White "Vega Gutierrez, Sabrina"]
[Black "Krzyzanowski, Marcin"]
[WhiteFideId "2219026"]
[BlackFideId "1132199"]
[WhiteElo "2377"]
[BlackElo "2512"]
[Result "1-0"]
[Round "01"]
[TimeControl "180+2"]
[Date "2023.02.07"]
[WhiteClock "0:01:02"]
[BlackClock "0:00:02"]

1. e4 g6 2. d4 Bg7 3. Nc3 c6 4. h4 h5 5. Nf3 d5 6. e5 Bg4 7. Be2 Nh6 8. Bg5 Qb6 9. Qd2 Bxf3 10. Bxf3 Nf5 11. O-O-O Nd7 12. Be2 e6 13. f3 Bf8 14. g4 Ng3 15. Rh3 Nxe2+ 16. Nxe2 c5 17. gxh5 gxh5 18. f4 c4 19. f5 Bb4 20. c3 Bf8 21. Rf1 Qa6 22. Kb1 b5 23. fxe6 fxe6 24. Qc2 Rg8 25. Qh7 Rxg5 26. hxg5 O-O-O 27. g6 b4 28. cxb4 c3 29. Rxc3+ Kb8 30. Rxf8 Rxf8 31. Qxd7 Qxe2 32. Qc7+ Ka8 33. Qc6+ Kb8 34. Qd6+ Ka8 35. Qxf8+ Kb7 36. Qc8+ Kb6 37. Qc6# 1-0


[Site "https://www.chess.com"]

[Event "Titled Tuesday Blitz February 07 Late 2023"]
[White "Grigorov, Grigor"]
[Black "Mazurkiewicz, Michal"]
[WhiteFideId "2907313"]
[BlackFideId "1124943"]
[WhiteElo "2510"]
[BlackElo "2145"]
[Result "1-0"]
[Round "01"]
[TimeControl "180+2"]
[Date "2023.02.07"]
[WhiteClock "0:00:18"]
[BlackClock "0:00:12"]

1. d4 Nf6 2. Nf3 g6 3. Bg5 Bg7 4. Nbd2 d5 5. e3 O-O 6. Be2 c6 7. O-O Bf5 8. c4 h6 9. Bh4 Nbd7 10. a3 g5 11. Bg3 Ne4 12. Rc1 Rc8 13. cxd5 cxd5 14. Nxe4 Rxc1 15. Qxc1 Bxe4 16. Qc3 Bxf3 17. Bxf3 e6 18. Rc1 Nb6 19. b3 Qd7 20. a4 Rc8 21. Qd2 Rxc1+ 22. Qxc1 Qc8 23. Qc7 Bf8 24. Be2 Qxc7 25. Bxc7 Nc8 26. Ba5 b6 27. Bc3 Nd6 28. a5 Ne4 29. Be1 Ba3 30. f3 Nd6 31. a6 Kf8 32. g4 Ke7 33. h4 Kd7 34. Bg3 Kc6 35. h5 Nb5 36. Be5 Bf8 37. Kf2 Nc7 38. f4 1-0


[Site "https://www.chess.com"]

[Event "Titled Tuesday Blitz February 07 Late 2023"]
[White "CheckBits"]
[Black "Demidov, Mikhail"]
[BlackFideId "4197143"]
[WhiteElo "2403"]
[BlackElo "2583"]
[Result "0-1"]
[Round "01"]
[TimeControl "180+2"]
[Date "2023.02.07"]
[WhiteClock "0:00:04"]
[BlackClock "0:00:08"]

1. e4 Nf6 2. Nc3 d5 3. exd5 Nxd5 4. Bc4 Nxc3 5. bxc3 g6 6. Nf3 Bg7 7. O-O O-O 8. d4 c5 9. h3 Nc6 10. Be3 Na5 11. Be2 cxd4 12. cxd4 Be6 13. a4 Rc8 14. Rb1 b6 15. Nd2 Bxd4 16. Bh6 Bg7 17. Bxg7 Kxg7 18. Nb3 Qxd1 19. Rfxd1 Rxc2 20. Nxa5 Rxe2 21. Nc6 Rc8 22. Nxa7 Rcc2 23. Rf1 Ra2 24. Rb4 Rec2 25. Rf4 g5 26. Rf3 Rxa4 27. Nb5 Rb4 28. Na3 Rcb2 29. Re1 h6 30. Ree3 R2b3 31. Nc2 Rxe3 32. Rxe3 Rb1+ 33. Kh2 Rb2 34. Nd4 Kf6 35. Nxe6 fxe6 36. Kg3 Rb5 37. h4 Re5 38. Rb3 b5 39. Rb4 Rc5 40. hxg5+ hxg5 41. f3 Kf5 42. Rb1 e5 43. Rd1 e4 44. fxe4+ Kxe4 45. Rd7 e6 46. Kg4 Rd5 47. Rb7 Kd4 48. Re7 Re5 49. Rc7 b4 50. g3 b3 51. Kh5 Kd3 52. Rb7 Kc2 53. Kg6 Kb1 54. g4 b2 55. Kf6 Rc5 56. Kxe6 Ka1 57. Ra7+ Kb1 58. Kf6 Kc2 59. Re7 b1=Q 60. Re2+ Kb3 61. Re3+ Kb4 0-1


[Site "https://www.chess.com"]

[Event "Titled Tuesday Blitz February 07 Late 2023"]
[White "Pichot, Alan"]
[Black "Dudzinski, Pawel"]
[WhiteFideId "110973"]
[BlackFideId "1117890"]
[WhiteElo "2638"]
[BlackElo "2186"]
[Result "1-0"]
[Round "01"]
[TimeControl "180+2"]
[Date "2023.02.07"]
[WhiteClock "0:01:26"]
[BlackClock "0:00:03"]

1. Nf3 g6 2. c4 Bg7 3. Nc3 e5 4. g3 c5 5. Bg2 Nc6 6. O-O Nge7 7. d3 O-O 8. Ne1 a6 9. Nc2 b5 10. Ne3 f5 11. Ned5 Rb8 12. Rb1 b4 13. Na4 d6 14. b3 Bb7 15. Nab6 Nxd5 16. Nxd5 Ne7 17. Bg5 Bxd5 18. Bxd5+ Kh8 19. Bg2 h6 20. Bd2 f4 21. a3 a5 22. axb4 axb4 23. Ra1 fxg3 24. hxg3 e4 25. Bxe4 Bxa1 26. Qxa1+ Kh7 27. Bxh6 Kxh6 28. Kg2 Kh7 29. Rh1+ Kg8 30. Rh8+ Kf7 31. Rh7+ Ke8 32. Bxg6+ Kd7 33. Be4 Ke6 34. Qg7 Rf6 35. Qg4+ Nf5 36. Bxf5+ Rxf5 37. e4 Qf6 38. exf5+ Qxf5 39. Rh6+ Ke5 40. Rh5 Rf8 41. Qf4+ 1-0


[Site "https://www.chess.com"]

[Event "Titled Tuesday Blitz February 07 Late 2023"]
[White "Rodriguez Fontecha, Marcos"]
[Black "Gorodetzky, David"]
[WhiteFideId "2256576"]
[BlackFideId "2813416"]
[WhiteElo "2309"]
[BlackElo "2485"]
[Result "0-1"]
[Round "01"]
[TimeControl "180+2"]
[Date "2023.02.07"]
[WhiteClock "0:00:59"]
[BlackClock "0:02:02"]

1. Nf3 d5 2. d4 Nf6 3. c3 Bf5 4. Bf4 e6 5. e3 c5 6. Qb3 Qb6 7. Nbd2 c4 8. Qxb6 axb6 9. a3 b5 10. Rc1 Nc6 11. Be2 h6 12. Bd1 Nd7 13. Bc2 Bxc2 14. Rxc2 b4 15. cxb4 Nxb4 16. Rc3 Nd3+ 17. Ke2 Nxb2 18. Rb1 Na4 19. Rc2 b6 20. Kf1 g5 21. Bg3 Bxa3 22. Ra1 Be7 23. Rca2 b5 24. Rb1 b4 25. Rba1 Ndb6 0-1


[Site "https://www.chess.com"]

[Event "Titled Tuesday Blitz February 07 Late 2023"]
[White "Stoyanov, Tsvetan"]
[Black "Huber, Benedikt"]
[WhiteFideId "2917173"]
[BlackFideId "12923583"]
[WhiteElo "2454"]
[BlackElo "2272"]
[Result "1-0"]
[Round "01"]
[TimeControl "180+2"]
[Date "2023.02.07"]
[WhiteClock "0:00:56"]
[BlackClock "0:01:43"]

1. e4 c5 2. Nf3 e6 3. d3 Nc6 4. Nbd2 d5 5. g3 Nf6 6. Bg2 Be7 7. O-O Qc7 8. Re1 O-O 9. c3 dxe4 10. dxe4 Rd8 11. Qc2 b5 12. a4 b4 13. e5 Nd5 14. c4 Nb6 15. Ne4 Bb7 16. a5 Nd7 17. a6 Bc8 18. Nfg5 Nf8 19. Nd6 Bxd6 20. exd6 Qxd6 21. Bf4 e5 22. Rad1 Nd4 23. Rxd4 Qxd4 24. Bxe5 Qd2 25. Qxd2 Rxd2 26. Bxa8 f6 27. Bf4 Rd8 28. Bc7 Rd7 29. Bd5+ Rxd5 30. cxd5 fxg5 31. Re8 Bxa6 32. Bd6 1-0


[Site "https://www.chess.com"]

[Event "Titled Tuesday Blitz February 07 Late 2023"]
[White "Bilan, Danila"]
[Black "Harvey, Marcus R"]
[WhiteFideId "24161918"]
[BlackFideId "400092"]
[WhiteElo "2303"]
[BlackElo "2462"]
[Result "0-1"]
[Round "01"]
[TimeControl "180+2"]
[Date "2023.02.07"]
[WhiteClock "0:00:43"]
[BlackClock "0:00:59"]

1. d4 Nf6 2. Nf3 d5 3. c4 e6 4. Nc3 c6 5. Bg5 h6 6. Bxf6 Qxf6 7. e3 g6 8. Be2 Bg7 9. O-O O-O 10. b4 Nd7 11. Rc1 Qe7 12. Qb3 dxc4 13. Bxc4 Nb6 14. Be2 e5 15. dxe5 Be6 16. Qb2 Nd7 17. Ne4 Bd5 18. Nc5 Nxe5 19. Nxe5 Bxe5 20. Qc2 a5 21. e4 Be6 22. Nxe6 Qxe6 23. b5 cxb5 24. Bxb5 Bxh2+ 25. Kh1 Bf4 26. g3 Bxc1 27. Rxc1 Rac8 28. Bc4 Qe5 29. f4 Qh5+ 30. Kg2 b5 31. Bxf7+ Kxf7 32. Qb3+ Kg7 33. Qb2+ Kh7 34. Qxb5 Qxb5 0-1


[Site "https://www.chess.com"]

[Event "Titled Tuesday Blitz February 07 Late 2023"]
[White "Ozen, Bahadir"]
[Black "Gutkin, Ilya"]
[WhiteFideId "6337058"]
[BlackFideId "16203470"]
[WhiteElo "2369"]
[BlackElo "2273"]
[Result "0-1"]
[Round "01"]
[TimeControl "180+2"]
[Date "2023.02.07"]
[WhiteClock "0:01:12"]
[BlackClock "0:01:00"]

1. g3 c5 2. c4 g6 3. Bg2 Bg7 4. Nf3 Nc6 5. Nc3 d6 6. O-O e6 7. a3 Nge7 8. d3 b6 9. Bd2 Bb7 10. Rb1 O-O 11. b4 Qd7 12. e3 Nf5 13. Qe2 Rfd8 14. Rfc1 Rac8 15. h3 Qe7 16. Kh2 h5 17. Kg1 Ne5 18. a4 cxb4 19. Rxb4 Nxf3+ 20. Bxf3 Bxf3 21. Qxf3 d5 22. Ne2 dxc4 23. Rbxc4 Rxc4 24. Rxc4 Rxd3 25. Bb4 Qd7 26. Nf4 Rd1+ 27. Kg2 Qxa4 28. Qa8+ Kh7 29. Qb7 Nxe3+ 30. fxe3 Qa2+ 31. Kf3 Rf1+ 32. Ke4 Qxc4# 0-1


[Site "https://www.chess.com"]

[Event "Titled Tuesday Blitz February 07 Late 2023"]
[White "Suarez Uriel, Adrian"]
[Black "Vasquez Schroeder, Rodrigo"]
[WhiteFideId "22230874"]
[BlackFideId "3400042"]
[WhiteElo "2356"]
[BlackElo "2524"]
[Result "1/2-1/2"]
[Round "01"]
[TimeControl "180+2"]
[Date "2023.02.07"]
[WhiteClock "0:00:26"]
[BlackClock "0:00:28"]

1. e4 c5 2. Ne2 Nf6 3. Nbc3 d6 4. g3 b6 5. Bg2 Bb7 6. d4 cxd4 7. Nxd4 e6 8. O-O a6 9. Bg5 Nbd7 10. Re1 Qc7 11. Nd5 exd5 12. exd5+ Kd8 13. Nc6+ Bxc6 14. dxc6 Nc5 15. b4 Ne6 16. Bxf6+ gxf6 17. Qd5 b5 18. a4 Rb8 19. c4 bxc4 20. b5 axb5 21. axb5 Qb6 22. Rxe6 fxe6 23. Qxe6 Qc7 24. Qxf6+ Qe7 25. c7+ Kxc7 26. Ra7+ Kb6 27. Rxe7 Bxe7 28. Qxe7 Rhd8 29. Bc6 Kc5 30. Qe3+ Kb4 31. Qd2+ Kc5 32. h4 d5 33. Qe3+ d4 34. Qe5+ Kb4 35. Qe7+ Kb3 36. b6 d3 37. Bf3 c3 38. Qe6+ Kb2 39. b7 c2 40. Qb6+ Kc1 41. Qb3 d2 42. Qa3+ Kb1 43. Qb3+ Kc1 44. Qa3+ Kb1 45. Qb3+ Kc1 1/2-1/2


[Site "https://www.chess.com"]

[Event "Titled Tuesday Blitz February 07 Late 2023"]
[White "Ramirez, Alejandro"]
[Black "Herman, Daniel"]
[WhiteFideId "6500617"]
[BlackFideId "30935008"]
[WhiteElo "2572"]
[BlackElo "1956"]
[Result "1-0"]
[Round "01"]
[TimeControl "180+2"]
[Date "2023.02.07"]
[WhiteClock "0:02:42"]
[BlackClock "0:01:37"]

1. c4 e5 2. g3 c6 3. Nf3 e4 4. Nd4 d5 5. d3 exd3 6. Qxd3 Nf6 7. Bg2 Be7 8. Nc3 dxc4 9. Qxc4 O-O 10. O-O Nbd7 11. Rd1 Nb6 12. Qb3 Qe8 13. a4 Bg4 14. a5 Nbd5 15. Qxb7 Nxc3 16. bxc3 Rb8 17. Qxc6 Qxc6 18. Nxc6 Rbe8 19. Nxe7+ Rxe7 20. Ba3 1-0


[Site "https://www.chess.com"]

[Event "Titled Tuesday Blitz February 07 Late 2023"]
[White "Mesa Cruz, Juan Carlos"]
[Black "Yanchenko, Roman"]
[WhiteFideId "6423400"]
[BlackFideId "4137329"]
[WhiteElo "2122"]
[BlackElo "2466"]
[Result "0-1"]
[Round "01"]
[TimeControl "180+2"]
[Date "2023.02.07"]
[WhiteClock "0:01:35"]
[BlackClock "0:01:28"]

1. e4 e6 2. Qe2 d5 3. exd5 Qxd5 4. Nc3 Qa5 5. Nf3 Nf6 6. g3 Bb4 7. Bg2 O-O 8. O-O Nbd7 9. a3 Bxc3 10. bxc3 c5 11. c4 Rd8 12. d3 h6 13. Bd2 Qa4 14. Bc3 Rb8 15. Ne5 Nf8 16. Rfe1 Bd7 17. Ra2 Be8 18. Qe3 b6 19. Nf3 N8d7 20. Ne5 Nxe5 21. Qxe5 Bc6 22. Qf4 Ne8 23. Bh3 Ba8 24. Rxe6 Qd7 25. Rf6 Qxh3 0-1


[Site "https://www.chess.com"]

[Event "Titled Tuesday Blitz February 07 Late 2023"]
[White "Riehle, Marco"]
[Black "Fernandez Garcia, Gumersindo"]
[WhiteFideId "12904392"]
[BlackFideId "24516740"]
[WhiteElo "2368"]
[BlackElo "2160"]
[Result "1-0"]
[Round "01"]
[TimeControl "180+2"]
[Date "2023.02.07"]
[WhiteClock "0:01:41"]
[BlackClock "0:00:14"]

1. e4 c5 2. a3 g6 3. h4 h5 4. Nc3 Bg7 5. Bc4 Nc6 6. d3 d6 7. Nf3 e6 8. Bg5 Nge7 9. Qd2 a6 10. O-O-O b5 11. Bb3 b4 12. axb4 cxb4 13. Na4 Bd7 14. d4 Qa5 15. Kb1 Na7 16. Bxe7 Kxe7 17. Qg5+ Qxg5 18. hxg5 Rab8 19. e5 Nb5 20. exd6+ Nxd6 21. Nc5 Bb5 22. Ne5 Rhc8 23. Rhe1 a5 24. Nxg6+ Kd8 25. Ne5 Ra8 26. Nxf7+ Nxf7 27. Nxe6+ Kd7 28. Nxg7 Nxg5 29. f4 a4 30. Bd5 Bc6 31. Bxc6+ Rxc6 32. fxg5 a3 33. Re2 axb2 34. Kxb2 Rg6 35. Nxh5 Rxg5 36. Nf6+ Kd6 37. Ne4+ 1-0


[Site "https://www.chess.com"]

[Event "Titled Tuesday Blitz February 07 Late 2023"]
[White "Kovacs, Klara"]
[Black "Pakleza, Zbigniew"]
[WhiteFideId "733210"]
[BlackFideId "1119290"]
[WhiteElo "2121"]
[BlackElo "2494"]
[Result "0-1"]
[Round "01"]
[TimeControl "180+2"]
[Date "2023.02.07"]
[WhiteClock "0:00:10"]
[BlackClock "0:00:06"]

1. Nf3 d5 2. g3 Nf6 3. Bg2 Bf5 4. c4 c6 5. O-O e6 6. d4 Be7 7. Nc3 O-O 8. b3 Nbd7 9. Bf4 h6 10. Ne5 Re8 11. Re1 Bh7 12. cxd5 cxd5 13. e4 Bb4 14. Rc1 Nxe4 15. Bxe4 Bxe4 16. Nxe4 dxe4 17. Rxe4 Nf6 18. Re2 Nd5 19. Rec2 Ba3 20. Rb1 Qf6 21. Nd7 Qf5 22. Bc1 Bd6 23. Nc5 Rac8 24. Bb2 b6 25. Nd3 Rcd8 26. Rbc1 Bb8 27. Qe2 h5 28. h4 Nf6 29. Ne5 Bxe5 30. dxe5 Nd5 31. Kg2 a5 32. a3 Kh7 33. Qf3 Kg6 34. Qxf5+ Kxf5 35. Rc6 Rd7 36. b4 axb4 37. axb4 b5 38. R6c5 Rb8 39. Bc3 Ra7 40. Rc2 Ra3 41. Bd2 Rb3 42. f3 Kg6 43. Kf2 Nxb4 44. Bxb4 Rxb4 45. Rc8 Rxc8 46. Rxc8 Rb1 47. Ke3 b4 48. Rb8 b3 49. Kf4 b2 50. Rb7 f6 51. exf6 gxf6 52. g4 e5+ 53. Ke4 Re1+ 54. Kd5 b1=Q 0-1


[Site "https://www.chess.com"]

[Event "Titled Tuesday Blitz February 07 Late 2023"]
[White "Bikuzhin, Maksim"]
[Black "Bozorov, Makhsum"]
[WhiteFideId "24128015"]
[BlackFideId "14201330"]
[WhiteElo "2279"]
[BlackElo "2145"]
[Result "1/2-1/2"]
[Round "01"]
[TimeControl "180+2"]
[Date "2023.02.07"]
[WhiteClock "0:00:26"]
[BlackClock "0:00:19"]

1. e4 e5 2. Nf3 Nc6 3. Bc4 Bc5 4. c3 Nf6 5. d4 exd4 6. O-O Nxe4 7. cxd4 d5 8. dxc5 dxc4 9. Qe2 Qd3 10. Re1 Qxe2 11. Rxe2 f5 12. Nc3 O-O 13. Nxe4 fxe4 14. Rxe4 Bf5 15. Rxc4 Rae8 16. Be3 Be4 17. Nd2 Bd5 18. Rg4 g6 19. b3 Ne5 20. Rd4 c6 21. Re1 Nd7 22. Rc1 Nf6 23. h3 Ne4 24. Nf1 Kg7 25. f3 Nf6 26. Rb4 Rf7 27. Bd4 Re6 28. Ne3 Kg8 29. Nxd5 Nxd5 30. Rbc4 Rfe7 31. R1c2 Re1+ 32. Kh2 Rd1 33. Bf2 a6 34. Rd4 Rxd4 35. Bxd4 Re1 36. Bf2 Rd1 37. Kg3 Kf7 38. Re2 Ra1 39. Bd4 Rd1 40. Re4 a5 41. Be5 Rd2 42. Ra4 Nb4 43. Rxa5 Rxa2 44. Rxa2 Nxa2 45. Bf4 Nb4 46. Bd2 Nd3 47. b4 Ke6 48. Kg4 Ne5+ 49. Kg5 Nf7+ 50. Kf4 Ne5 51. h4 Nf7 52. Ke4 Ne5 53. Bc3 Nd7 54. g4 b6 55. Bd4 bxc5 56. bxc5 Nf8 57. f4 Nd7 58. h5 Nf8 59. g5 Nd7 60. f5+ gxf5+ 61. Kf4 Nf8 62. Bg7 Nd7 63. Bd4 Nf8 64. Be3 Nd7 65. g6 hxg6 66. hxg6 Kf6 67. g7 Kxg7 68. Kxf5 Kf7 69. Ke4 Nxc5+ 70. Bxc5 Ke6 71. Kd4 Kd7 72. Kc4 Kc8 73. Kd4 Kb7 74. Kc4 Ka6 75. Bd4 Kb7 76. Bc5 Kc8 77. Bd4 Kd7 78. Bc5 Ke6 79. Bd4 Kf5 80. Bc5 Ke6 81. Bd4 Kd7 82. Bc5 1/2-1/2


[Site "https://www.chess.com"]

[Event "Titled Tuesday Blitz February 07 Late 2023"]
[White "Backsten, Jan"]
[Black "Mikaelyan, Arman"]
[WhiteFideId "1735381"]
[BlackFideId "13304852"]
[WhiteElo "2029"]
[BlackElo "2523"]
[Result "0-1"]
[Round "01"]
[TimeControl "180+2"]
[Date "2023.02.07"]
[WhiteClock "0:00:07"]
[BlackClock "0:00:07"]

1. e4 a6 2. d4 b5 3. Bd3 Bb7 4. Nf3 e6 5. O-O c5 6. c3 Nf6 7. e5 Nd5 8. dxc5 Bxc5 9. a4 b4 10. c4 Ne7 11. Nbd2 d5 12. exd6 Bxd6 13. Ne4 Bc7 14. Re1 Nd7 15. Qc2 h6 16. b3 Ne5 17. Be2 N7g6 18. Bb2 O-O 19. Rad1 Qe7 20. Nxe5 Bxe5 21. Bxe5 Nxe5 22. Nd6 Rad8 23. Nxb7 Qxb7 24. Bf1 Nc6 25. Qe4 Qb6 26. Bd3 g6 27. Qf4 Qd4 28. Qxh6 Qf6 29. Be4 Ne5 30. h3 a5 31. Qe3 Rxd1 32. Rxd1 Rd8 33. Rd2 Kg7 34. f4 Rxd2 35. Qxd2 Nxc4 36. bxc4 b3 37. Bb1 Qa1 38. Qd3 Qb2 39. Kh2 Kf8 40. c5 Qc1 41. Qxb3 Qxc5 42. Qb8+ Ke7 43. Qb7+ Kf6 44. Qb2+ Ke7 45. Qe5 Qb4 46. Qc7+ Kf6 47. Qe5+ Ke7 48. Bc2 Qc4 49. Qe4 Qc7 50. Bd3 Kf8 51. Bb5 Qc5 52. Qe5 Qc1 53. Qh8+ Ke7 54. Qh4+ Kf8 55. Qd8+ Kg7 56. Qd4+ Kg8 57. h4 Qe1 58. Qe5 Qxh4+ 59. Kg1 Qg3 60. Qb8+ Kg7 61. Qe5+ Kg8 62. Qd4 Qe1+ 63. Kh2 Qh4+ 64. Kg1 Qe1+ 65. Bf1 Qh4 66. Qf2 Qf6 67. g3 Qc3 68. Bg2 Qc1+ 69. Kh2 Qc4 70. Qe3 Qxa4 71. Qe5 Qb4 72. g4 a4 73. Qe4 Qa5 74. Qa8+ Qxa8 75. Bxa8 a3 0-1


[Site "https://www.chess.com"]

[Event "Titled Tuesday Blitz February 07 Late 2023"]
[White "Gadimbayli, Abdulla"]
[Black "Haszon, David"]
[WhiteFideId "13404938"]
[BlackFideId "733610"]
[WhiteElo "2500"]
[BlackElo "2264"]
[Result "1-0"]
[Round "01"]
[TimeControl "180+2"]
[Date "2023.02.07"]
[WhiteClock "0:01:49"]
[BlackClock "0:00:14"]

1. e4 e5 2. Nf3 Nc6 3. Nc3 Nf6 4. d4 exd4 5. Nxd4 Bb4 6. Nxc6 bxc6 7. Bd3 d5 8. exd5 cxd5 9. O-O O-O 10. Bg5 c6 11. Qf3 Bd6 12. Rae1 h6 13. Bxf6 Qxf6 14. Qxf6 gxf6 15. Ne2 Rb8 16. b3 Bd7 17. Ng3 Rfe8 18. Nh5 Be5 19. Rxe5 fxe5 20. Nf6+ Kg7 21. Nxd7 e4 22. Nxb8 exd3 23. cxd3 Rxb8 24. Rc1 Rb6 25. f3 Kf6 26. Kf2 Ke5 27. Ke3 d4+ 28. Kd2 Kd5 29. Re1 c5 30. Re7 Rg6 31. g3 Rf6 32. f4 h5 33. Re5+ Kd6 34. Rxh5 Re6 35. Re5 Rh6 36. h4 Rg6 37. Rg5 Re6 38. h5 a5 39. a4 Rh6 40. g4 Re6 41. Re5 Rf6 42. Rf5 Re6 43. Rxf7 Re3 44. h6 Rh3 45. g5 Rh2+ 46. Ke1 Ke6 47. Rg7 Kf5 48. h7 Kxf4 49. g6 Ke3 50. Re7+ Kxd3 51. Re8 Rh1+ 52. Kf2 Kc2 53. h8=Q Rxh8 54. Rxh8 d3 55. Rd8 d2 56. g7 d1=Q 57. Rxd1 Kxd1 58. g8=Q Kc2 59. Qc4+ 1-0


[Site "https://www.chess.com"]

[Event "Titled Tuesday Blitz February 07 Late 2023"]
[White "Dzierzak, Radoslaw"]
[Black "Avila Pavas, Santiago"]
[WhiteFideId "1161407"]
[BlackFideId "4437128"]
[WhiteElo "2220"]
[BlackElo "2522"]
[Result "0-1"]
[Round "01"]
[TimeControl "180+2"]
[Date "2023.02.07"]
[WhiteClock "0:00:46"]
[BlackClock "0:01:43"]

1. e4 Nf6 2. e5 Nd5 3. d4 d6 4. exd6 cxd6 5. h3 g6 6. Nf3 Bg7 7. c4 Nb6 8. Be2 O-O 9. O-O Bf5 10. Nc3 Nc6 11. a3 d5 12. c5 Nc8 13. b4 Be4 14. Be3 Bxf3 15. Bxf3 e6 16. b5 Na5 17. Be2 Ne7 18. Na4 Nf5 19. b6 a6 20. Rb1 Nc6 21. Rb4 a5 22. Rb2 Ncxd4 23. Bxd4 Nxd4 24. Rd2 Nc6 25. Bb5 Rc8 26. Rc2 Qh4 27. Bxc6 Rxc6 28. Rc1 Rfc8 29. Qd2 Qxa4 0-1


[Site "https://www.chess.com"]

[Event "Titled Tuesday Blitz February 07 Late 2023"]
[White "Boros, Denes"]
[Black "Saya, Ethan"]
[WhiteFideId "722340"]
[BlackFideId "26095181"]
[WhiteElo "2406"]
[BlackElo "2181"]
[Result "1-0"]
[Round "01"]
[TimeControl "180+2"]
[Date "2023.02.07"]
[WhiteClock "0:00:40"]
[BlackClock "0:00:14"]

1. d4 Nf6 2. Nf3 d5 3. Nc3 Bf5 4. Bf4 e6 5. e3 a6 6. Ne5 h6 7. g4 Bh7 8. h4 Nbd7 9. g5 Ne4 10. g6 Nxe5 11. gxh7 Nxc3 12. bxc3 Ng6 13. Bg3 Bd6 14. Bd3 Bxg3 15. fxg3 Qd6 16. Qg4 O-O-O 17. h5 Ne7 18. Qxg7 Nf5 19. Qe5 Qa3 20. Kd2 Nd6 21. Rhf1 Rxh7 22. Rab1 Rhh8 23. Rb3 Qa5 24. Rf6 Qxa2 25. Qf4 Qa1 26. Qf2 Qh1 27. Qe2 Qh3 28. Kc1 Qxg3 29. c4 dxc4 30. Bxc4 Qg5 31. Rf4 e5 32. Rg4 Qxh5 33. dxe5 Qxe5 34. Rd4 Nxc4 35. Qxc4 Qxe3+ 36. Rxe3 1-0


[Site "https://www.chess.com"]